 Dungeon Crawl Stone Soup version 0.29.1-1-gd02db6906a (webtiles) character file.

Game seed: 8227273305434649834

58 sentinel the Digger (level 4, -1/33 HPs)
             Began as a Meteoran Earth Elementalist on Sept 29, 2022.
             Slain by a river rat (3 damage)
             ... summoned by Eustachio
             ... on level 3 of the Dungeon.
             The game lasted 00:04:19 (368 turns).

sentinel the Digger (Meteoran Earth Elementalist)    Turns: 368, Time: 00:04:20

Health: -1/33      AC:  2    Str: 10    XL:     4   Next: 43%
Magic:  4/10       EV: 16    Int: 18    God:
Gold:   0          SH:  0    Dex: 14    Spells: 2/10 levels left

rFire   . . .      SeeInvis .   (no weapon)
rCold   . . .      Faith    .   (no shield)
rNeg    . . .      Spirit   .   a - +0 robe
rPois   .          Reflect  .   (no helmet)
rElec   .          Harm     .   (no cloak)
rCorr   .          Rampage  .   (no gloves)
Will    .....                   (no boots)
Stlth   +.........              (no amulet)
HPRegen 0.11/turn               v - +4 ring of evasion
MPRegen 0.12/turn               (no ring)

@: brilliant, glowing
A: sense surroundings 1, otherworldly, glowing, explore regen
a: no special abilities


You were on level 3 of the Dungeon.
You visited 1 branch of the dungeon, and saw 5 of its levels.

Inventory:

Missiles
 g - 2 throwing nets
Armour
 a - a +0 robe (worn)
Jewellery
 v - a +4 ring of evasion (left hand)
Scrolls
 c - a scroll of acquirement {unknown}
 d - a scroll of blinking {unknown}
 e - 2 scrolls of identify {unknown}
 f - a scroll of brand weapon {unknown}
 h - a scroll of enchant armour {unknown}
Potions
 b - a potion of magic


   Skills:
 - Level 2.4 Dodging
 - Level 1.4 Stealth
 + Level 3.6 Spellcasting
 * Level 1.8 Conjurations
 - Level 1.2 Transmutations
 + Level 4.7 Earth Magic


You had 2 spell levels left.
You knew the following spells:

 Your Spells              Type           Power      Damage    Failure   Level
a - Sandblast             Erth           60%        2d14      2%          1
b - Stone Arrow           Conj/Erth      44%        3d9       12%         3
c - Passwall              Tmut/Erth      16%        N/A       7%          2
d - Summon Small Mammal   Summ           16%        N/A       16%         1
g - Apportation           Tloc           8%         N/A       16%         1

Your spell library contained the following spells:

 Spells                   Type           Power      Damage    Failure   Level
 Magic Dart               Conj           56%        1d5       8%          1
 Searing Ray              Conj           28%        2d5       11%         2
 Necrotise                Necr           16%        1d4       16%         1
 Petrify                  Tmut/Erth      20%        N/A       41%         4
 Fulminant Prism          Conj/Hex       4%         3d6       71%         4


Dungeon Overview and Level Annotations

Branches:
Dungeon (5/15) Zot: 2610
 Temple: D:4-7

Altars:
Nemelex Xobeh

Annotations:
D:3 Eustachio


Innate Abilities, Weirdness & Mutations

You passively map a small area around you.
You are easily found by Zot.
You glow in the dark.
You regain HP and MP as you explore.


Message History

You kill the endoplasm!
You can't see any susceptible monsters within range! (Use Z to cast anyway.)
A giant cockroach comes into view.
Found a scroll labelled ZAMAED EFRO.
You see here 2 throwing nets.
g - 2 throwing nets The blast of sand hits the giant cockroach!
You kill the giant cockroach!
You can't see any susceptible monsters within range! (Use Z to cast anyway.)
Found 13 gold pieces.
A frilled lizard comes into view.
The frilled lizard hisses angrily.
A rat comes into view.
You see here a scroll labelled ZAMAED EFRO.
e - 2 scrolls labelled ZAMAED EFRO (gained 1)
The blast of sand hits the frilled lizard!!
You kill the frilled lizard!
The blast of sand hits the rat!
You kill the rat!
You can't see any susceptible monsters within range! (Use Z to cast anyway.)
Found a stone staircase leading up.
There is a stone staircase leading up here.
You climb upwards.
Found a short sword.
There is a stone staircase leading down here.
There is a stone staircase leading down here.
You climb downwards.
There is a stone staircase leading up here.
Found 15 gold pieces.
Found a stone staircase leading down.
You see here 15 gold pieces.
A hobgoblin comes into view.
The hobgoblin shouts!
A ball python comes into view.
The blast of sand hits the hobgoblin!
You kill the hobgoblin!
A giant cockroach comes into view.
You can't see any susceptible monsters within range! (Use Z to cast anyway.)
The blast of sand hits the ball python!
You kill the ball python!
The blast of sand hits the giant cockroach!
You kill the giant cockroach!
You can't see any susceptible monsters within range! (Use Z to cast anyway.)
There is a stone staircase leading down here.
You climb downwards.
The ball python hisses angrily.
There is a stone staircase leading up here.
The blast of sand hits the ball python.
You kill the ball python!
You can't see any susceptible monsters within range! (Use Z to cast anyway.)
There is a stone staircase leading up here.
Found a scroll labelled OSOMI XUVUI.
Found 5 poisoned darts and 13 gold pieces.
Found a stone staircase leading down.
You see here a scroll labelled OSOMI XUVUI.
h - a scroll labelled OSOMI XUVUI
Found a mace.
Found a stone staircase leading up.
There is a stone staircase leading down here.
You climb downwards.
Found a golden potion.
There is a stone staircase leading up here.
You see here a golden potion.
i - a golden potion
There is a stone staircase leading up here.
Autopickup is now on.
Found 15 gold pieces.
There is a stone staircase leading up here.
You climb upwards.
There is a stone staircase leading down here.
There is a stone staircase leading up here.
You climb upwards.
Found a leather armour.
There is a stone staircase leading down here.
You open the door.
A ball python comes into view.
The ball python hisses angrily.
The blast of sand hits the ball python!
You kill the ball python!
Casting: Sandblast (safe; 2% risk of failure)
Confirm with . or Enter, or press ? or * to list all spells.
Aiming: Passwall (safe; 7% risk of failure)
Press: ? - help, Dir - move target A rock wall.
You begin to meditate on the wall.
You continue meditating on the rock. x2
You finish merging with the rock.
The blast of sand hits the endoplasm!
You kill the endoplasm!
Casting: Sandblast (safe; 2% risk of failure)
Confirm with . or Enter, or press ? or * to list all spells.
Aiming: Passwall (safe; 7% risk of failure)
Press: ? - help, Dir - move target A rock wall.
You begin to meditate on the wall.
You continue meditating on the rock. x2
You finish merging with the rock.
Found a stone staircase leading down.
There is a stone staircase leading down here.
You climb downwards.
Eustachio shouts!
There is a stone staircase leading up here.
The blast of sand hits Eustachio but does no damage.
Eustachio mumbles some strange words.
Eustachio blinks!
The blast of sand hits Eustachio!
Eustachio is moderately wounded.
The blast of sand misses Eustachio.
Eustachio hits you with a +0 rapier.
Eustachio casts a spell.
The blast of sand misses Eustachio.
Eustachio hits you with a +0 rapier!
The blast of sand hits Eustachio.
Eustachio is moderately wounded.
Eustachio screams, "At last I'll have my revenge!"
Eustachio misses you. Eustachio barely misses you.
The shadow imp closely misses you. Eustachio hits you with a +0 rapier.
The shadow imp misses you.
You climb upwards.
The shadow imp disappears in a puff of smoke!
There is a stone staircase leading down here.
The blast of sand hits Eustachio!
Eustachio is heavily wounded.
Eustachio hits you with a +0 rapier!
Casting: Sandblast (safe; 2% risk of failure)
Confirm with . or Enter, or press ? or * to list all spells.
Aiming: Sandblast (safe; 2% risk of failure)
Press: ? - help, Shift-Dir - straight line, f/p - Eustachio
Aim: Eustachio, wielding a +0 rapier and wearing a +0 leather armour (heavily wounded, 76% to hit)
The blast of sand hits Eustachio!
Eustachio is severely wounded.
Eustachio casts a spell.
Eustachio hits you with a +0 rapier!
* * * LOW HITPOINT WARNING * * *
HP warning!
Casting: Sandblast (safe; 2% risk of failure)
Confirm with . or Enter, or press ? or * to list all spells.
Aiming: Sandblast (safe; 2% risk of failure)
Press: ? - help, Shift-Dir - straight line, f/p - Eustachio
Aim: Eustachio, wielding a +0 rapier and wearing a +0 leather armour (severely wounded, 76% to hit)
The blast of sand hits Eustachio.
Eustachio is almost dead.
The bat hits you but does no damage.
Eustachio mumbles some strange words.
Eustachio blinks!
HP warning!
Okay, then.
You aren't carrying any items that you can evoke.
Unknown command.
It was a potion of brilliance.
You feel clever all of a sudden. The bat completely misses you.
Eustachio mumbles some strange words.
Eustachio blinks!
The river rat bites you.
You die...

*******, ******### *,,,,,,,
*,,,,,..# *,,,,,,,
*,*####.######## *,,,,,,,
###+##.....#.....# *,,,,,,,
.....#..#.#.#....#****** *,,,,...
.....#......##...#*,,,,* *,,,,...
.....+......##...##.##.# *****#..
.....####...#...@.b.@.§# #.#
.....+..#.#.##..rr..##.#*** #..
.....##.#...##..........,,* #..
[....##.#.####.....###.#*,* ###..
....†...#.# #.#.#.# *,##.###..>†
......#>#.#**#.#.####*,.........†
......'...........,,..###.###....
###...###.###..#.#.*#...,,*##.###
#...#**.#,..,#.#.##..#*,*#.....


You could see Eustachio, a river rat (summoned), a quokka (summoned) and a bat
(summoned).

Vanquished Creatures
  A gnoll (D:2)
  2 adders (D:2)
  A worm (D:2)
  A bat (D:2)
  6 endoplasms
  3 giant cockroaches
  3 goblins
  A hobgoblin (D:3)
  A quokka (D:1)
  5 ball pythons
  A frilled lizard (D:3)
  A rat (D:3)
26 creatures vanquished.

Vanquished Creatures (others)
  2 plants (D:2)
2 creatures vanquished.

Grand Total: 28 creatures vanquished

Notes
Turn   | Place    | Note
-------+----------+-------------------------------------------
     0 | D:1      | sentinel the Meteoran Earth Elementalist began the quest
                  | for the Orb.
     0 | D:1      | Reached XP level 1. HP: 14/14 MP: 5/5
    84 | D:2      | Reached skill level 4 in Earth Magic
    84 | D:2      | Reached XP level 2. HP: 20/20 MP: 3/6
    93 | D:1      | Learned a level 2 spell: Passwall
    95 | D:1      | Learned a level 1 spell: Apportation
   126 | D:2      | Reached XP level 3. HP: 26/26 MP: 4/8
   133 | D:2      | Learned a level 3 spell: Stone Arrow
   135 | D:2      | Learned a level 1 spell: Summon Small Mammal
   155 | D:2      | Reached skill level 1 in Conjurations
   158 | D:2      | Reached XP level 4. HP: 29/33 MP: 0/10
   193 | D:3      | Found a sparkling altar of Nemelex Xobeh.
   315 | D:5      | Entered Level 5 of the Dungeon
   357 | D:4      | Noticed Eustachio
   366 | D:3      | HP: 1/33 [Eustachio/+0 rapier (8)]
   368 | D:3      | Slain by a river rat

Illustrated notes

Levels and vault maps discovered:
D:1:      minmay_arrival_diagonal_passages, layout_rooms,
          shapermc_ecumenical_altar_starsandcircs
D:2:      layout_rooms, serial_aquarium, aquarium_bridge_square
          [aquarium_subvault_window, aquarium_subvault_bridge,
          aquarium_subvault_bridge, aquarium_subvault_bridge],
          aquarium_window_1, aquarium_window_fake, aquarium_view_2e,
          aquarium_view_2b, aquarium_balcony_5a, serial_bayou_pond_b
D:3:      layout_basic, nemelex_xobeh_ov_fountains_minmay
D:4:      layout_basic, temple_fountains, serial_bayou_pond_b, uniq_natasha,
          uniq_eustachio, uniq_robin
D:5:      minmay_angry_zag, layout_rooms, mainiacjoe_overflow_swirl,
          minivault_4, uniq_pikel

Skill      XL: |  1  2  3 |
---------------+----------+-----
Earth Magic    | 4 |  4.7
Spellcasting   | 3 |  3.6
Conjurations   | 1 |  1.8
Dodging        | |  2.4
Stealth        | |  1.4
Transmutations | |  1.2

Action                   |  1- 3 |  4- 6 || total
-------------------------+-------+-------++-------
 Cast: Sandblast         |    22 |    19 ||    41
       Passwall          |     1 |     6 ||     7
  Use: Scroll            |       |     1 ||     1
       Potion            |       |     1 ||     1
Armor: Robe              |       |     1 ||     1
Dodge: Dodged            |     8 |     5 ||    13
